Map: Hardwire LE

Players

Pumba - Winner!

  • Race: Protoss Protoss
  • League: Diamond
  • Spawn Location: 1:00

YungSally

  • Race: Terran Terran
  • League: Diamond
  • Spawn Location: 7:00

VOD

Have the link to the VOD?

Description

Time

  • Played on: March 8, 2022, 8:16 p.m.
  • Length: 9:41
Show
View Real Time Build Order
Export as new Build Order

Pumba Protoss - Winner!

Build Orders: 1 Gate Expand 

Get SALT Encoding   

  12  0:00  Probe  
  13  0:13  Probe  
  14  0:17  Pylon  
  14  0:25  Probe  
  15  0:37  Probe (Chrono Boost)  
  15  0:38  Gateway  
  16  0:49  Assimilator  
  17  0:50  Probe (Chrono Boost)  
  17  0:56  Probe (Chrono Boost)  
  18  1:05  Probe  
  19  1:17  Probe  
  20  1:27  Nexus  
  20  1:34  Cybernetics Core  
  20  1:38  Probe  
  21  1:45  Assimilator  
  21  1:50  Probe  
  21  1:52  Pylon  
  22  2:02  Probe  
  22  2:08  Adept (Chrono Boost)  
  23  2:13  Warp Gate  
  23  2:14  Probe  
  25  2:25  Robotics Facility  
  25  2:26  Probe  
  26  2:36  Stalker (Chrono Boost)  
  26  2:39  Probe  
  29  2:45  Probe  
  29  3:00  Probe (Chrono Boost)  
  29  3:03  Probe (Chrono Boost)  
  31  3:11  Probe (Chrono Boost)  
  33  3:14  Gateway  
  33  3:15  Probe (Chrono Boost), Gateway  
  33  3:17  Probe (Chrono Boost)  
  33  3:19  Robotics Bay  
  34  3:21  Observer  
  34  3:24  Probe (Chrono Boost)  
  37  3:29  Pylon  
  37  3:32  Probe (Chrono Boost)  
  37  3:34  Probe (Chrono Boost)  
  38  3:40  Probe  
  39  3:49  Probe  
  39  3:51  Warp Prism  
  42  3:57  Probe  
  42  3:59  Assimilator  
  42  4:01  Probe, Assimilator  
  44  4:03  Pylon  
  44  4:10  Stalker  
  44  4:11  Stalker x2  
  50  4:22  Probe  
  51  4:25  Pylon  
  51  4:30  Disruptor  
  52  4:38  Stalker x2  
  52  4:39  Stalker  
  52  4:41  Probe (Chrono Boost)  
  58  4:46  Probe (Chrono Boost)  
  55  5:00  Probe (Chrono Boost)  
  55  5:03  Probe (Chrono Boost)  
  57  5:11  Disruptor  
  57  5:12  Probe (Chrono Boost)  
  62  5:16  Gravitic Drive  
  62  5:18  Probe (Chrono Boost)  
  62  5:23  Probe (Chrono Boost)  
  62  5:25  Probe  
  62  5:27  Nexus  
  64  5:30  Pylon  
  64  5:32  Stalker  
  66  5:37  Stalker  
  68  5:43  Probe x2  
  70  6:03  Disruptor  
  73  6:06  Probe  
  73  6:07  Probe  
  75  6:13  Twilight Council  
  75  6:14  Forge  
  75  6:21  Sentry  
  75  6:24  Probe  
  75  6:25  Pylon  
  78  6:33  Gateway  
  78  6:34  Gateway  
  78  6:37  Gateway  
  78  6:38  Probe x2  
  80  6:43  Robotics Facility  
  80  6:46  Protoss Ground Weapons Level 1 (Chrono Boost)  
  80  6:48  Blink (Chrono Boost)  
  80  6:50  Probe x2  
  82  6:56  Stalker x3  
  82  6:58  Probe  
  89  7:03  Observer, Probe x2  
  91  7:12  Probe  
  91  7:15  Probe x2, Assimilator  
  94  7:16  Pylon  
  94  7:19  Assimilator  
  94  7:30  Stalker x3  
  94  7:32  Probe  
  94  7:33  Pylon  
  94  7:34  Probe  
  102  7:39  Pylon  
  102  7:45  Pylon  
  102  7:49  Pylon  
  97  7:56  Disruptor x2  
  103  8:26  Photon Cannon  
  103  8:30  Stalker x6  
  103  8:31  Disruptor  
  103  9:14  Nexus  
  103  9:15  Pylon  
Show
View Real Time Build Order
Export as new Build Order

YungSally Terran 

Build Orders: Reaper Expand 

Get SALT Encoding   

  12  0:00  SCV  
  13  0:12  SCV  
  14  0:16  Supply Depot  
  14  0:24  SCV  
  15  0:38  SCV  
  15  0:40  Barracks  
  16  0:43  Refinery  
  16  0:50  SCV  
  17  1:02  SCV  
  18  1:14  SCV  
  19  1:27  Reaper, Orbital Command  
  20  1:43  Command Center  
  20  1:52  Supply Depot  
  21  1:54  SCV  
  21  2:01  Marine  
  22  2:07  SCV  
  23  2:10  Factory  
  23  2:20  Refinery, SCV  
  24  2:27  Barracks Reactor  
  24  2:32  SCV  
  24  2:36  Bunker  
  24  2:44  SCV  
  24  2:59  Widow Mine  
  24  3:00  SCV, Starport  
  24  3:01  Orbital Command  
  27  3:06  Marine x2  
  29  3:17  SCV  
  30  3:21  Widow Mine  
  30  3:24  Marine x2  
  34  3:29  SCV x2  
  34  3:33  Supply Depot  
  36  3:37  Medivac  
  38  3:42  Marine x2  
  40  4:07  Marine x2  
  40  4:08  Factory Tech Lab, Starport Tech Lab  
  42  4:15  Barracks  
  42  4:16  Barracks  
  42  4:17  SCV x2  
  44  4:26  Marine x2  
  44  4:28  Raven  
  44  4:29  SCV  
  44  4:30  SCV  
  50  4:35  Refinery  
  47  4:41  SCV  
  47  4:42  SCV  
  45  4:54  SCV x2  
  47  5:01  Marine x2  
  45  5:11  SCV  
  45  5:12  SCV  
  47  5:14  Factory Reactor  
  47  5:15  Command Center, Stimpack  
  47  5:20  Combat Shield  
  47  5:21  Marine  
  47  5:22  Marauder, Marine  
  47  5:24  SCV x2  
  47  5:27  Supply Depot  
  47  5:28  Supply Depot, Starport Reactor  
  53  5:33  Engineering Bay  
  53  5:36  SCV  
  54  5:46  Marine x2  
  54  5:47  SCV, Marauder  
  54  5:48  SCV, Marauder  
  62  5:51  Supply Depot  
  62  5:52  Supply Depot  
  62  5:53  Widow Mine x2  
  66  5:59  SCV  
  66  6:00  SCV  
  62  6:11  SCV, Marine x2  
  61  6:12  Marauder x2  
  61  6:13  Medivac x2  
  61  6:17  SCV  
  72  6:22  Refinery  
  72  6:23  SCV  
  73  6:29  Orbital Command  
  73  6:31  SCV  
  74  6:34  Marine  
  74  6:35  SCV, Marauder  
  78  6:50  Medivac x2, Marauder  
  84  6:57  Marauder, Marine x2  
  84  6:59  Orbital Command  
  84  7:00  Barracks  
  88  7:02  Barracks  
  88  7:06  Terran Infantry Weapons Level 1  
  71  7:17  Marine  
  71  7:18  Marauder, Marine  
  71  7:22  Medivac, Widow Mine x2  
  71  7:55  Marauder x2, Marine x3  
Tags
 
Add a new tag
Caveats
  • Supply blocks, unpowered buildings, or Contaminate may cause inaccurate times.
  • Supply counts are checked every 10 seconds.